 Dungeon Crawl Stone Soup version 0.27-a0-1529-g1e82c303ef (webtiles) character file.

Game seed: 4031869826888256644

5110 Klosterheim the Grappler (level 10, 0/81 HPs)
             Began as a Troll Warper on July 11, 2021.
             Was a Follower of Hepliaklqana.
             Slain by a manticore (17 damage)
             ... on level 8 of the Dungeon.
             The game lasted 00:23:35 (7061 turns).

Klosterheim the Grappler (Troll Warper)             Turns: 7061, Time: 00:23:36

Health: 0/81       AC:  5    Str: 21    XL:     10   Next: 32%
Magic:  12/12      EV: 10    Int: 12    God:    Hepliaklqana [*.....]
Gold:   613        SH:  0    Dex:  9    Spells: 11/13 levels left

rFire    . . .     SeeInvis .     - Unarmed
rCold    . . .     Faith    .   (no shield)
rNeg     . . .     Spirit   .   a - +1 robe
rPois    +         Reflect  .   (helmet restricted)
rElec    .         Harm     .   (no cloak)
rCorr    .         Rampage  .   (gloves unavailable)
Will     .....                  (boots unavailable)
Stlth    +.........             h - amulet of regeneration
HPRegen  2.23/turn              m - ring of poison resistance
MPRegen  0.13/turn              (no ring)

@: brilliant, spiked
A: reduced essence, large, unfitting armour, claws 3, regeneration 1, shaggy fur
1, tough skin 1
a: Renounce Religion, Recall Ancestor, Ancestor Identity


You were on level 8 of the Dungeon.
You worshipped Hepliaklqana.
Hepliaklqana was aware of your devotion.
You visited 2 branches of the dungeon, and saw 9 of its levels.
You also visited: Sewer.

You collected 657 gold pieces.
You spent 44 gold pieces at shops.

Inventory:

Missiles
 c - 5 boomerangs of dispersal (quivered)
 s - 3 curare-tipped darts
 A - 4 boomerangs
Armour
 a - a +1 robe (worn)
Jewellery
 e - an amulet of guardian spirit
 h - an amulet of regeneration (around neck)
 m - a ring of poison resistance (left claw)
 t - a ring of fire
 z - a ring of magical power
Wands
 i - a wand of polymorph (21)
 q - a wand of flame (11)
 r - a wand of iceblast (3)
 y - a wand of digging (2)
Scrolls
 b - a scroll of fear
 j - 2 scrolls of amnesia
 k - 3 scrolls of teleportation
 o - a scroll of magic mapping
 w - 2 scrolls of identify
 x - a scroll of blinking
Potions
 d - 4 potions of haste
 f - 3 potions of flight
 g - a potion of mutation
 l - 2 potions of might
 n - a potion of cancellation
 u - a potion of curing
 v - a potion of degeneration {unknown}


   Skills:
 + Level 3.4 Fighting
 - Level 1.0 Throwing
 + Level 3.5 Dodging
 + Level 13.5 Unarmed Combat
 - Level 2.0 Spellcasting
 - Level 3.0 Translocations


You had 11 spell levels left.
You knew the following spells:

 Your Spells              Type           Power      Damage    Failure   Level
a - Wereblood             Tmut           1%         N/A       38%         2

Your spell library contained the following spells:

 Spells                   Type           Power      Damage    Failure   Level
 Apportation              Tloc           24%        N/A       8%          1
 Blink                    Tloc           N/A        N/A       12%         2
 Gell's Gravitas          Tloc           6%         N/A       24%         3
 Lesser Beckoning         Tloc           6%         N/A       24%         3
 Teleport Other           Tloc           12%        N/A       24%         3
 Animate Skeleton         Necr           2%         N/A       26%         1
 Beastly Appendage        Tmut           2%         N/A       26%         1
 Corona                   Hex            1%         N/A       26%         1
 Summon Small Mammal      Summ           4%         N/A       26%         1
 Slow                     Hex            1%         N/A       38%         2
 Confusing Touch          Hex            1%         N/A       63%         3
 Spider Form              Tmut/Pois      0%         N/A       63%         3
 Vampiric Draining        Necr           0%         2d6       63%         3
 Manifold Assault         Tloc           12%        N/A       91%         5
 Dispersal                Tloc           6%         N/A       100%        6


Dungeon Overview and Level Annotations

Branches:
Dungeon (8/15)             Temple (1/1) D:6           Sewer (visited)
   Lair: D:8-11

Altars:
Ashenzari
Cheibriados
Elyvilon
Gozag
Hepliaklqana
Makhleb
Okawaru
Qazlal
Ru
Sif Muna
Trog
Uskayaw
Vehumet
Wu Jian
Xom
Zin
The Shining One

Shops:
D:2 *   D:5 :

Annotations:
D:3 Sigmund


Innate Abilities, Weirdness & Mutations

Your life essence is reduced to manifest your ancestor. (-10% HP)
You are too large for most types of armour.
You have claws for hands.
Your natural rate of healing is unusually fast.
You are covered in fur. (AC +1)
You have tough skin. (AC +1)


Message History

You swap places.
Found a stone staircase leading down.
There is a stone staircase leading down here.
You swap places.
You open the door.
A manticore comes into view.
The manticore flicks its tail.
The volley of spikes hits you!!
The barbed spikes become lodged in your body.
Found 35 gold pieces.
A manticore is nearby!
A manticore is nearby!
A manticore is nearby!
A manticore is nearby!
A manticore is nearby!
Okay, then.
The barbs in your skin will harm you if you move.
Continue? [Y]es or [N]o only, please.
The barbs in your skin will harm you if you move.
Continue? [Y]es or [N]o only, please.
The barbs in your skin will harm you if you move.
Continue?
The barbed spikes dig painfully into your body as you move.
Found Ozocubu's Autobiography.
There is an open door here.
The barbed spikes dig painfully into your body as you move.
The manticore bites you. The manticore claws you!
The manticore closely misses you.
You claw the manticore!
The manticore is moderately wounded.
The manticore bites you! The manticore claws you. The manticore claws you!
* * * LOW HITPOINT WARNING * * *
It was a potion of brilliance.
You feel clever all of a sudden. The manticore barely misses you.
The manticore claws you!
* * * LOW HITPOINT WARNING * * *
The manticore claws you.
* * * LOW HITPOINT WARNING * * *
Zdislav hits the manticore but does no damage.
You feel better. The manticore bites you!
You die...

######.>..#........
##.##.#....##.......
#..................#
#######.............
##$$:###.........#..
#.....#.............
#.....#.............
#..H..#............#
#R@.####..........#
###'########.###....
#.......##§...○#....
#.......##.....#....
+..8........_.......
#........#.....#....
#........#☼...°#....
###'###..###.###....
##...###............


You could see the friendly Zdislav the ancestor and a manticore (ally target).

Vanquished Creatures
  A cyclops (D:8)
  The ghost of Gruesome the Covert, a novice OpBr of Dithmenos (D:6)
  Psyche (D:8)
  An acid dragon (D:7)
  2 water moccasins
  4 sky beasts
  2 orc warriors (D:8)
  A black bear (D:8)
  2 hornet zombies
  2 necrophages
  4 centaurs
  2 phantoms
  5 bullfrogs
  3 scorpions
  4 killer bees (D:8)
  5 wights (D:7)
  2 electric eels (D:6)
  2 howler monkeys (D:4)
  A bullfrog zombie (D:6)
  A jelly (D:5)
  3 centaur zombies
  2 orc priests
  A bullfrog skeleton (D:7)
  4 hounds
  A gnoll shaman (D:3)
  2 iguanas
  An orc wizard (D:8)
  A scorpion zombie (D:5)
  A killer bee zombie (D:6)
  2 hound skeletons
  6 adders
  23 gnolls
  3 river rats (D:5)
  A white imp (D:8)
  An ufetubus (D:7)
  2 adder skeletons (D:4)
  A dart slug (D:4)
  14 orcs
  8 endoplasms
  8 giant cockroaches
  7 goblins
  4 hobgoblins
  5 jackals
  9 quokkas
  12 ball pythons
  5 bats
  13 frilled lizards
  4 kobolds
  3 rats
193 creatures vanquished.

Vanquished Creatures (others)
  An ancestor (D:8)
  A plant (D:6)
2 creatures vanquished.

Grand Total: 195 creatures vanquished

Notes
Turn   | Place    | Note
-------+----------+-------------------------------------------
     0 | D:1      | Klosterheim the Troll Warper began the quest for the Orb.
     0 | D:1      | Reached XP level 1. HP: 19/19 MP: 1/1
   335 | D:1      | Reached skill level 1 in Throwing
   344 | D:1      | Reached XP level 2. HP: 28/28 MP: 0/2
   923 | D:2      | Reached XP level 3. HP: 35/35 MP: 3/3
   948 | D:2      | Found Xooci's Assorted Antiques.
   956 | D:2      | Bought a scroll labelled NIGGUPN NYHO for 22 gold pieces
   956 | D:2      | Bought a scroll labelled AXUKET UCLI for 22 gold pieces
   969 | D:2      | Reached skill level 3 in Unarmed Combat
  1386 | D:2      | Found a faded altar of an unknown god.
  1430 | D:2      | Learned a level 2 spell: Wereblood
  1854 | D:3      | Reached XP level 4. HP: 42/42 MP: 4/4
  1880 | D:3      | Reached skill level 4 in Unarmed Combat
  1939 | D:2      | Reached XP level 5. HP: 44/49 MP: 5/5
  1979 | D:3      | Reached skill level 5 in Unarmed Combat
  2112 | D:3      | Noticed Sigmund
  2279 | D:4      | Reached XP level 6. HP: 56/57 MP: 6/6
  2292 | D:4      | Reached skill level 6 in Unarmed Combat
  2540 | D:4      | Reached skill level 7 in Unarmed Combat
  2955 | D:5      | Entered Level 5 of the Dungeon
  2962 | D:5      | Reached XP level 7. HP: 53/65 MP: 7/7
  2989 | D:5      | Found Keonoruj's Book Boutique.
  3029 | D:4      | Reached skill level 8 in Unarmed Combat
  3246 | D:5      | Reached skill level 9 in Unarmed Combat
  3366 | D:5      | Found a sacrificial altar of Ru.
  3384 | D:5      | Reached XP level 8. HP: 72/72 MP: 8/8
  3387 | D:5      | Identified the +5 trident "Plog" {venom, +Rage rF+}
  3599 | D:5      | Found a glowing drain.
  3722 | Sewer    | Entered a sewer
  4261 | D:6      | Found a glowing silver altar of Zin.
  4266 | D:6      | Reached skill level 10 in Unarmed Combat
  4266 | D:6      | Found a snail-covered altar of Cheibriados.
  4342 | D:6      | Found a staircase to the Ecumenical Temple.
  4525 | D:6      | Reached skill level 11 in Unarmed Combat
  4642 | D:6      | Found a runed translucent door.
  4642 | D:6      | Noticed Gruesome's ghost (novice OpBr)
  4815 | Temple   | Entered the Ecumenical Temple
  4884 | Temple   | Became a worshipper of Hepliaklqana the Forgotten
  4951 | D:6      | Reached XP level 9. HP: 78/79 MP: 9/9
  5117 | D:6      | Killed Gruesome's ghost
  5118 | D:6      | Reached skill level 12 in Unarmed Combat
  5794 | D:7      | Reached skill level 13 in Unarmed Combat
  6088 | D:7      | Found a shimmering altar of Xom.
  6109 | D:7      | Reached * piety under Hepliaklqana
  6137 | D:7      | Found a broken altar of Ashenzari.
  6397 | D:8      | Noticed Psyche
  6405 | D:8      | Killed Psyche
  6436 | D:8      | Reached XP level 10. HP: 72/79 MP: 11/11
  6612 | D:8      | Found a stormy altar of Qazlal.
  6635 | D:8      | Noticed a cyclops
  6646 | D:8      | Killed a cyclops
  7056 | D:8      | Noticed a manticore
  7061 | D:8      | Slain by a manticore

Illustrated notes

Levels and vault maps discovered:
D:1:      saegor_arrival_simple_d, layout_loops_corners, minivault_4
D:2:      layout_loops_ring, serial_shops, nicolae_shop_overgrown_old_shop,
          hellmonk_ecumenical_altar_lost_god, st_stairs_8, minmay_puff
D:3:      layout_basic, minmay_cut_off, uniq_sigmund
D:4:      layout_loops_ring
D:5:      layout_cave_pools, lemuel_crystal_altar, serial_shops,
          nicolae_stop_n_shop_2, portal_sewer_entry_c
D:6:      layout_basic, gammafunk_temple_overflow_pools, temple_statues,
          gammafunk_ghost_grave, serial_bayou_ford_a
D:7:      layout_loops_corners, kennysheep_mini_moat,
          mainiacjoe_overflow_alcove_1
D:8:      layout_cave_pools, grunt_qazlal_clouds, minmay_three_doors,
          uniq_psyche
Temple:   eino_temple_scatter_basement

Skill      XL: |  1  2  3  4  5  6  7  8  9 10 |
---------------+-------------------------------+-----
Dodging        | 2 3 |  3.5
Throwing       | 1 |  1.0
Fighting       | 2 3 |  3.4
Unarmed Combat | 3 4 5 7 9 11 13 | 13.5
Spellcasting   | 2 |  2.0
Translocations | 3 |  3.0

Action                   |  1- 3 |  4- 6 |  7- 9 | 10-12 || total
-------------------------+-------+-------+-------+-------++-------
Melee: Unarmed           |   126 |   132 |   284 |    57 ||   599
       Punch             |       |     3 |     8 |     4 ||    15
Evoke: Wand              |       |       |     5 |       ||     5
  Use: Scroll            |     6 |     2 |     6 |     2 ||    16
       Potion            |       |       |       |     2 ||     2
 Stab: Sleeping          |     1 |       |       |       ||     1
Armor: Robe              |    45 |    34 |   117 |    18 ||   214
Dodge: Dodged            |    57 |    77 |   187 |    35 ||   356

Table legend: (Time is in decaauts)
 A = Elapsed time spent in this place.
 B = Non-inter-level travel time spent in this place.
 C = Inter-level travel time spent in this place.
 D = Time resting spent in this place.
 E = Time spent auto-exploring this place.
 F = Levels seen in this place.
 G = Mean time per level.
                   A        B        C        D        E       F      G
               +--------+--------+--------+--------+--------+-----+--------+
         Total |   7085 |   6422 |    663 |    513 |   4425 |  10 |  708.5 |
       Dungeon |   6462 |   5884 |    578 |    507 |   4134 |   8 |  807.8 |
        Temple |     87 |      2 |     85 |      0 |      0 |   1 |   87.0 |
         Sewer |    535 |    535 |      0 |      6 |    290 |   1 |  535.0 |
               +--------+--------+--------+--------+--------+-----+--------+

Top non-repeatable levels by time:
     D:7: 1031 daAuts
     D:2: 994 daAuts
     D:6: 989 daAuts
     D:1: 916 daAuts
     D:4: 890 daAuts
     D:8: 714 daAuts
     D:5: 578 daAuts
   Sewer: 535 daAuts
     D:3: 348 daAuts
  Temple: 87 daAuts
